Map: Thunderbird LE

Players

OGZest (Zest) - Winner!

  • Race: Protoss Protoss
  • Spawn Location: 11:00

HeroMarine

  • Race: Terran Terran
  • League: Master
  • Spawn Location: 5:00

Event: HomeStory Cup XIX

VOD

Have the link to the VOD?

Description

Time

  • Played on: June 29, 2019, 3:32 p.m.
  • Length: 13:49

All games in this series

Show
View Real Time Build Order
Export as new Build Order

OGZest Protoss - Winner!

Build Orders: 1 Gate Expand, Phoenix Opening, Blink Stalkers 

Get SALT Encoding   

  12  0:00  Probe  
  13  0:12  Probe  
  14  0:17  Pylon  
  14  0:23  Probe  
  15  0:31  Probe  
  15  0:36  Gateway  
  15  0:40  Probe  
  16  0:45  Assimilator  
  17  0:51  Probe  
  18  1:03  Probe  
  19  1:15  Probe  
  20  1:23  Cybernetics Core  
  20  1:31  Nexus  
  20  1:34  Probe  
  21  1:41  Pylon  
  21  1:46  Probe  
  22  1:49  Adept  
  22  1:50  Assimilator  
  22  1:57  Probe  
  25  2:02  Warp Gate  
  25  2:06  Probe  
  25  2:14  Probe  
  26  2:20  Sentry  
  29  2:25  Probe  
  30  2:37  Probe  
  30  2:38  Twilight Council  
  30  2:41  Probe  
  31  2:46  Stalker  
  31  2:49  Probe x2  
  35  2:53  Phoenix  
  35  2:54  Blink  
  36  2:59  Probe, Gateway  
  36  3:01  Probe  
  38  3:11  Probe, Pylon  
  39  3:13  Probe  
  40  3:20  Probe  
  40  3:25  Probe  
  42  3:28  Probe  
  42  3:29  Assimilator  
  42  3:31  Robotics Facility  
  43  3:38  Probe x2  
  45  3:54  Nexus  
  47  3:57  Stalker x2  
  47  4:00  Pylon  
  49  4:03  Probe  
  49  4:04  Probe  
  49  4:08  Pylon  
  51  4:16  Probe x2  
  53  4:19  Observer  
  53  4:21  Stalker x2  
  58  4:24  Pylon  
  58  4:28  Probe x2  
  60  4:34  Forge  
  60  4:40  Probe x2  
  60  4:42  Observer  
  60  4:44  Stalker x2  
  67  4:49  Pylon  
  67  4:52  Probe x2  
  69  4:58  Protoss Ground Armor Level 1  
  69  5:04  Probe x2  
  71  5:12  Stalker  
  71  5:13  Stalker  
  75  5:19  Probe  
  77  5:21  Probe  
  77  5:24  Probe  
  77  5:27  Charge  
  78  5:29  Immortal  
  78  5:32  Gateway  
  78  5:34  Gateway  
  78  5:35  Pylon  
  82  5:46  Probe x2, Gateway x2  
  82  5:47  Probe  
  85  5:53  Gateway  
  85  5:54  Sentry  
  85  5:56  Pylon  
  87  5:58  Immortal  
  87  5:59  Probe x3  
  87  6:01  Assimilator  
  90  6:08  Assimilator  
  90  6:09  Pylon  
  94  6:13  Gateway  
  94  6:17  Probe x2  
  94  6:18  Probe  
  97  6:20  Assimilator  
  97  6:22  Robotics Facility  
  97  6:27  Warp Prism  
  97  6:31  Forge  
  97  6:34  Robotics Bay  
  97  6:39  Probe  
  101  6:40  Probe x2  
  102  6:53  Probe x3  
  105  6:55  Pylon  
  101  7:10  Protoss Ground Armor Level 2  
  101  7:13  Colossus x2  
  99  7:20  Zealot x8  
  125  7:40  Stalker x4  
  129  7:45  Protoss Ground Weapons Level 1  
  109  7:52  Stalker x4  
  107  8:04  Stalker  
  107  8:05  Stalker x3  
  109  8:07  Stalker  
  109  8:08  Stalker x2  
  109  8:15  Colossus  
  107  8:25  Colossus  
  107  8:26  Extended Thermal Lance  
  117  8:27  Pylon  
  117  8:29  Photon Cannon, Pylon  
  117  8:30  Nexus  
  117  8:33  Zealot  
  117  8:34  Zealot x3, Pylon  
  123  8:39  Pylon  
  123  8:41  Pylon  
  125  8:50  Probe x3  
  128  9:01  Stalker x5  
  138  9:12  Pylon  
  138  9:29  Zealot x6  
  138  9:30  Zealot x2  
  137  9:37  Stalker x8, Protoss Ground Armor Level 3  
  143  9:43  Warp Prism  
  143  9:44  Immortal  
  146  10:04  Zealot x8  
  159  10:10  Immortal  
  155  10:23  Immortal  
  155  10:25  Protoss Ground Weapons Level 2  
  158  10:42  Templar Archives  
  158  10:44  Sentry x2, Zealot x2  
  158  10:45  Zealot x4  
  174  10:58  Probe x3, Dark Shrine  
  174  11:00  Pylon  
  174  11:01  Probe  
  178  11:06  Gravitic Boosters  
  178  11:09  Pylon  
  178  11:10  Observer x2  
  180  11:13  Gateway  
  180  11:14  Gateway, Nexus  
  180  11:19  Zealot  
  180  11:20  Zealot x2  
  182  11:33  Stalker x5  
  159  11:56  Zealot x8  
  147  12:03  Gravitic Drive  
  147  12:06  Colossus  
  128  12:15  Colossus  
  128  12:21  Zealot  
  128  12:22  Zealot x7  
  147  12:42  Stalker x4  
  147  12:43  Stalker x3  
  131  12:50  Colossus  
  125  12:55  Zealot  
  121  13:06  Zealot x2  
  121  13:07  Zealot x5  
  133  13:18  Probe  
  133  13:19  Probe  
  139  13:22  Stalker  
  141  13:27  Sentry x2, High Templar x4  
  141  13:33  Archon x2  
Show
View Real Time Build Order
Export as new Build Order

HeroMarine Terran 

Build Orders: Reaper Expand 

Get SALT Encoding   

  12  0:00  SCV  
  13  0:12  SCV  
  14  0:17  Supply Depot  
  14  0:25  SCV  
  15  0:39  SCV  
  15  0:41  Barracks  
  16  0:43  Refinery  
  16  0:51  SCV  
  17  1:03  SCV  
  18  1:15  SCV  
  19  1:28  Orbital Command, Reaper  
  20  1:42  Command Center  
  20  1:49  Supply Depot  
  20  1:53  SCV  
  21  2:00  Barracks Reactor  
  21  2:05  Refinery, SCV  
  22  2:18  SCV  
  22  2:20  Factory  
  23  2:30  SCV  
  23  2:36  Marine x2  
  26  2:42  SCV  
  27  2:54  Orbital Command, Marine x2, SCV  
  30  3:04  Starport  
  30  3:05  Widow Mine  
  32  3:06  SCV  
  32  3:11  Marine  
  32  3:12  Marine  
  35  3:18  SCV  
  36  3:20  SCV  
  36  3:23  Supply Depot  
  36  3:27  Widow Mine  
  39  3:29  Marine x2  
  39  3:30  SCV  
  39  3:33  SCV  
  43  3:42  SCV  
  43  3:43  Medivac  
  43  3:45  SCV  
  43  3:47  Marine x2  
  49  3:49  Factory Tech Lab  
  49  3:54  SCV  
  50  3:56  Barracks  
  50  3:57  SCV  
  50  4:01  Supply Depot  
  51  4:09  Supply Depot  
  53  4:11  Siege Tank  
  53  4:12  SCV  
  53  4:16  Starport Tech Lab  
  54  4:22  Marine x2, Refinery, SCV  
  54  4:24  Supply Depot  
  57  4:25  Engineering Bay, SCV  
  58  4:32  Barracks  
  58  4:34  SCV  
  58  4:35  Raven  
  58  4:36  Bunker  
  58  4:37  SCV  
  62  4:41  Marine  
  62  4:42  Marine  
  64  4:46  SCV  
  64  4:49  SCV  
  66  4:53  Factory Tech Lab  
  66  4:54  Stimpack, Marine  
  66  4:58  SCV  
  66  4:59  Marine x2, Supply Depot  
  69  5:01  SCV  
  69  5:02  Terran Infantry Weapons Level 1  
  71  5:10  SCV  
  71  5:12  Marine  
  71  5:13  SCV  
  73  5:14  Siege Tank  
  73  5:17  Marine x2  
  75  5:23  Refinery  
  75  5:31  Combat Shield  
  75  5:33  Starport Reactor, Command Center  
  75  5:35  Marine x3  
  74  5:36  Marine  
  74  5:41  Supply Depot  
  77  5:47  Siege Tank  
  80  5:51  SCV  
  80  5:52  SCV  
  80  5:53  Marine x2  
  80  5:56  Supply Depot  
  86  5:57  Marauder  
  86  6:00  Supply Depot  
  86  6:03  Marauder  
  90  6:09  Medivac  
  90  6:11  Medivac  
  94  6:13  Marine x2  
  94  6:16  SCV  
  94  6:17  SCV  
  95  6:19  Marauder  
  95  6:24  Marauder  
  99  6:27  Factory Reactor  
  99  6:28  SCV  
  99  6:29  SCV  
  99  6:30  Barracks x2, Marine  
  99  6:31  Marine  
  103  6:43  Marauder  
  103  6:46  Marauder  
  107  6:48  Marine x2  
  107  6:49  Medivac x2  
  107  6:50  SCV  
  107  6:51  SCV  
  115  7:01  Supply Depot, Terran Infantry Armor Level 1  
  115  7:02  Supply Depot  
  115  7:03  SCV x2  
  115  7:08  Marauder x2, Marine x2  
  121  7:12  Widow Mine  
  121  7:13  Widow Mine  
  123  7:15  SCV  
  123  7:16  SCV  
  123  7:19  Orbital Command  
  123  7:20  Barracks Reactor  
  125  7:27  Marauder  
  125  7:28  Marine, SCV x2  
  125  7:29  Marauder  
  129  7:38  Marauder  
  129  7:40  Marine, SCV x2  
  131  7:46  Marine  
  131  7:50  Marauder  
  131  7:51  Marauder  
  122  7:55  Concussive Shells  
  122  7:56  Widow Mine x2, Medivac x2  
  122  7:57  SCV x2  
  122  7:58  Marine  
  133  7:59  Marine  
  133  8:00  SCV  
  133  8:04  Marine x2  
  133  8:07  Marine  
  133  8:11  Marauder  
  133  8:12  Marauder  
  118  8:21  Marauder  
  118  8:22  Marine x2  
  118  8:25  SCV x3  
  119  8:29  Starport  
  119  8:31  Refinery  
  119  8:32  Refinery  
  119  8:34  Viking x2, Armory  
  119  8:35  Engineering Bay  
  119  8:36  Marine x2  
  119  8:37  SCV x3  
  130  8:41  Marauder, Supply Depot  
  130  8:42  Supply Depot  
  130  8:47  Marine x2  
  130  8:48  Marine  
  132  8:49  SCV x3  
  132  8:55  Supply Depot  
  136  8:56  Supply Depot  
  136  8:59  Marauder  
  140  9:03  Marauder  
  140  9:05  Supply Depot  
  140  9:06  Marauder  
  140  9:07  Supply Depot  
  142  9:11  Command Center  
  142  9:13  Viking x3  
  148  9:17  Viking  
  144  9:26  Marauder  
  144  9:27  Marauder  
  144  9:28  Marine x2, Marauder  
  144  9:31  Marine  
  152  9:38  Terran Infantry Weapons Level 2  
  153  9:41  Terran Infantry Armor Level 2  
  153  9:42  Marine  
  153  9:43  Viking x3  
  160  9:46  Marine x2  
  160  9:47  Marine  
  160  9:53  Marauder, Marine x2  
  163  10:00  Marine  
  163  10:04  Marine  
  163  10:06  Marauder  
  161  10:10  Marine  
  150  10:15  Marauder x2  
  150  10:16  Viking  
  150  10:17  Viking, Command Center  
  150  10:18  Ghost Academy  
  150  10:19  Medivac x2  
  160  10:22  Marine x3  
  160  10:27  Marauder  
  160  10:28  Marine  
  166  10:37  Marauder, Terran Ship Weapons Level 1  
  166  10:40  Marine x2  
  171  10:44  Supply Depot  
  171  10:46  Supply Depot  
  171  10:48  Marauder  
  171  10:49  Ghost  
  162  10:50  Marine x2  
  162  10:52  Medivac  
  162  10:56  Barracks  
  158  10:57  Ghost  
  158  10:58  Barracks, Medivac  
  158  10:59  Barracks  
  158  11:03  Medivac  
  164  11:09  Ghost, Medivac  
  164  11:10  Marine x2  
  164  11:11  Marine x2  
  171  11:28  Marine x3  
  171  11:29  Marine  
  178  11:34  Ghost x2  
  178  11:38  Marine  
  178  11:39  Viking x3  
  183  11:43  Viking  
  183  11:46  Marine x2  
  183  11:50  Marine  
  155  11:54  Marine x2  
  155  11:56  Marauder, Marine x2  
  124  12:02  Marine  
  124  12:03  Marauder  
  124  12:04  Marine x2  
  124  12:06  Orbital Command  
  117  12:08  Marine  
  117  12:11  Medivac  
  117  12:12  Marine x2  
  123  12:17  Marine x2  
  123  12:18  Marauder  
  123  12:21  Marine, Marauder  
  123  12:22  Marine  
  129  12:24  Marine  
  129  12:27  Marine  
  131  12:30  Marine  
  131  12:31  Marine  
  131  12:35  Marine  
  122  12:38  Liberator x2  
  122  12:39  Marine, Marauder, Liberator  
  122  12:40  Marine  
  122  12:42  Marauder x2  
  108  12:48  Marine x2  
  108  12:51  Marine x2  
  104  12:53  Marine  
  104  12:57  Marine  
  104  12:58  Marine  
  115  13:00  Marauder  
  115  13:03  Marauder, Marine  
  107  13:06  Marine x2  
  107  13:08  Marine  
  107  13:09  Marine  
  107  13:11  Marine  
  102  13:15  Marine  
  102  13:16  Marine  
  106  13:21  Marine  
  106  13:23  Marine  
  106  13:24  Marine  
  106  13:25  Marauder  
  106  13:26  Marine x2  
  115  13:28  Marine  
  115  13:29  Marine  
Tags
 
Add a new tag
Caveats
  • Supply blocks, unpowered buildings, or Contaminate may cause inaccurate times.
  • Supply counts are checked every 10 seconds.